[Event "*** Titled Tuesday Blitz"]
[Site "Chess.com"]
[Date "2020.10.27"]
[Round "7"]
[White "Kapibara_Warri0r"]
[Black "zivicd"]
[Result "0-1"]
[WhiteElo "2130"]
[BlackElo "2289"]
[TimeControl "180+1"]
[EndTime "11:14:32 PDT"]
[Termination "zivicd won by resignation"]

1. e4 c5 2. Nf3 e6 3. d4 cxd4 4. Nxd4 a6 5. c4 Nf6 6. Nc3 Qc7 7.
a3 d6 8. Be3 Be7 9. Bd3 b6 10.
O-O Nbd7 11. f4 Bb7 12. Qf3 Rc8 13. b4 b5 14. Ncxb5 axb5 15. Nxb5 Qb8 16. Ba7 Qa8 17. Bb6 Nxb6 0-1

[Event "*** Titled Tuesday Blitz"]
[Site "Chess.com"]
[Date "2020.10.27"]
[Round "7"]
[White "pedro_nascimento85"]
[Black "kreonx"]
[Result "0-1"]
[WhiteElo "1991"]
[BlackElo "2328"]
[TimeControl "180+1"]
[EndTime "11:14:47 PDT"]
[Termination "kreonx won by resignation"]

1. d4 f5 2. e4 fxe4 3. Nc3 Nf6 4. Bg5 Nc6 5. d5 Ne5 6. Qd4 Nf7 7. Bxf6 exf6 8. Nxe4 Be7 9. O-O-O d6 10. Bd3 O-O 11. f3 f5 12. Ng3 Bf6 13. Qb4 a5 14.
Qd2 g6 15. Kb1 Ne5 16. Bf1 b5 17. N1e2 Nc4 18. Qh6 Bg5 19. Qh3 f4 0-1

[Event "*** Titled Tuesday Blitz"]
[Site "Chess.com"]
[Date "2020.10.27"]
[Round "7"]
[White "manitodeplomo"]
[Black "GMJustin"]
[Result "1/2-1/2"]
[WhiteElo "2638"]
[BlackElo "2324"]
[TimeControl "180+1"]
[EndTime "11:14:53 PDT"]
[Termination "Game drawn by agreement"]

1. d4 d5 2. c4 dxc4 3. Nf3 a6 4. e3 b5 5. a4 Bb7 6. b3 e6 7. axb5 axb5 8. Rxa8 Bxa8 9. bxc4 bxc4 10. Bxc4 Nf6 11. O-O Be7 12. Ba3 O-O 13. Bxe7 Qxe7 14. Nbd2 c5 15. Qa1 Nbd7 16. Rb1 cxd4 17. Qxd4 Qc5 1/2-1/2

[Event "*** Titled Tuesday Blitz"]
[Site "Chess.com"]
[Date "2020.10.27"]
[Round "7"]
[White "redbaron8888"]
[Black "Gordima"]
[Result "0-1"]
[WhiteElo "2516"]
[BlackElo "2814"]
[TimeControl "180+1"]
[EndTime "11:14:54 PDT"]
[Termination "Gordima won by resignation"]

1. e4 e5 2. Nf3 Nf6 3. d4 Nxe4 4. Bd3 d5 5. Nxe5 Bd6 6. Nc3 Nxc3 7. bxc3 O-O 8. O-O Nd7 9. Qh5 g6 10. Qh6 Nxe5 11.
Bg5 Ng4 12. Qh4 f6 0-1

[Event "*** Titled Tuesday Blitz"]
[Site "Chess.com"]
[Date "2020.10.27"]
[Round "7"]
[White "MarkoPe"]
[Black "DrMamaliga"]
[Result "1-0"]
[WhiteElo "2197"]
[BlackElo "2338"]
[TimeControl "180+1"]
[EndTime "11:14:59 PDT"]
[Termination "MarkoPe won by resignation"]

1. c4 c5 2. g3 g6 3. Bg2 Bg7 4. Nc3 Nc6 5. e4 d6 6. Nge2 e6 7. O-O Nge7 8. d3 O-O 9. a3 Qd7 10. Rb1 b6 11. b4 Bb7 12. Be3 Nd4 13. f4 f5 14. Bxd4 cxd4 15. Nb5 a6 16. Nbxd4 fxe4 17. dxe4 Nc6 18. Qd3 Rac8 19. Rfd1 Rfd8 20. Rbc1 Qc7 21. Nxe6 Qf7 22. Nxd8 Rxd8 23. Qd5 Qxd5 24. cxd5 1-0

[Event "*** Titled Tuesday Blitz"]
[Site "Chess.com"]
[Date "2020.10.27"]
[Round "7"]
[White "KacperPolOK"]
[Black "Karateloru"]
[Result "0-1"]
[WhiteElo "2424"]
[BlackElo "2669"]
[TimeControl "180+1"]
[EndTime "11:15:01 PDT"]
[Termination "Karateloru won by resignation"]

1. e4 c5 2. Nc3 e6 3. g3 Nc6 4. Bg2 g6 5. d3 Bg7 6. Nf3 Nge7 7.
O-O O-O 8. Be3 d6 9. Qd2 Nd4 10. Nh4 Rb8 11. Rab1 Nec6 12. Ne2 Nxe2+ 13. Qxe2 b5 14.
f4 Nd4 15. Qd2 Bb7 16. c3 Nc6 17. f5 Ne5 18. Bh6 exf5 19. exf5 Bxg2 20. Kxg2 f6 21. fxg6 hxg6 22. d4 Nc4 23. Qe3 Nxe3+ 0-1

[Event "*** Titled Tuesday Blitz"]
[Site "Chess.com"]
[Date "2020.10.27"]
[Round "7"]
[White "mapleaff"]
[Black "Lion-Al-Messi"]
[Result "0-1"]
[WhiteElo "2394"]
[BlackElo "2526"]
[TimeControl "180+1"]
[EndTime "11:15:02 PDT"]
[Termination "Lion-Al-Messi won by checkmate"]

1. d4 b6 2. Nf3 Bb7 3. e3 Nf6 4. Bd3 e6 5. O-O c5 6. c4 cxd4 7. exd4 Be7 8. Nc3 O-O 9. Bg5 h6 10. Bh4 d6 11. Qe2 Nbd7 12. Rfe1 Re8 13. Rad1 Nf8 14.
Bb1 Rc8 15. Ne5 dxe5 16. dxe5 Nd5 17. cxd5 Bxh4 18. dxe6 Qc7 19. exf7+ Qxf7 20. Bc2 Kh8 21. Bb3 Qg6 22. Bc2 Qxg2# 0-1

[Event "*** Titled Tuesday Blitz"]
[Site "Chess.com"]
[Date "2020.10.27"]
[Round "7"]
[White "Pultis"]
[Black "WanderingPuppet"]
[Result "1-0"]
[WhiteElo "2720"]
[BlackElo "2510"]
[TimeControl "180+1"]
[EndTime "11:15:06 PDT"]
[Termination "Pultis won by resignation"]

1. b3 d5 2. Bb2 Bg4 3. Nf3 Nd7 4. g3 Bxf3 5. exf3 e5 6. Bg2 Ngf6 7. O-O h5 8. Re1 Bd6 9. f4 e4 10. c4 c6 11. d3 O-O 12. dxe4 Bb4 13. e5 Bxe1 14. exf6 Bb4 15. fxg7 1-0

[Event "*** Titled Tuesday Blitz"]
[Site "Chess.com"]
[Date "2020.10.27"]
[Round "7"]
[White "Ermito2020"]
[Black "GameOverBro"]
[Result "0-1"]
[WhiteElo "2639"]
[BlackElo "2533"]
[TimeControl "180+1"]
[EndTime "11:15:06 PDT"]
[Termination "GameOverBro won by resignation"]

1. e4 d6 2. d4 Nf6 3. Nc3 e5 4. Nf3 Nbd7 5. Bc4 Be7 6. O-O c6 7. a4 h6 8. Re1 Qc7 9. h3 Nf8 10. Be3 Ng6 11. d5 O-O 12. a5 Kh7 13. Qd3 Nh5 14. Kh2 Nhf4 15. Qf1 f5 16. dxc6 bxc6 17. Ng1 fxe4 18. g3 d5 19. Be2 Nxe2 20. Ncxe2 d4 21.
Bd2 e3 0-1

[Event "*** Titled Tuesday Blitz"]
[Site "Chess.com"]
[Date "2020.10.27"]
[Round "7"]
[White "BogdanBelyakov89"]
[Black "Shahinyan_ChessMood"]
[Result "0-1"]
[WhiteElo "2585"]
[BlackElo "2771"]
[TimeControl "180+1"]
[EndTime "11:15:16 PDT"]
[Termination "Shahinyan_ChessMood won by checkmate"]

1. e4 d6 2. d4 Nf6 3. Nc3 e5 4. Nf3 Nbd7 5. Be2 Be7 6. O-O c6 7. a4 h6 8. Re1 Qc7 9. Bf1 Nf8 10. Rb1 g5 11. h3 Ng6 12. b4 g4 13. hxg4 Bxg4 14.
d5 Rg8 15. dxc6 bxc6 16. b5 Nh4 17. Be2 Nxg2 18. Kxg2 Bh3+ 19. Kxh3 Qd7+ 20. Kh2 Ng4+ 21. Kg3 Ne3+ 22. Ng5 Rxg5+ 23. Kf3 Qh3# 0-1

[Event "*** Titled Tuesday Blitz"]
[Site "Chess.com"]
[Date "2020.10.27"]
[Round "7"]
[White "Ariadna_Atreides"]
[Black "BigAl"]
[Result "0-1"]
[WhiteElo "2145"]
[BlackElo "2476"]
[TimeControl "180+1"]
[EndTime "11:15:21 PDT"]
[Termination "BigAl won by resignation"]

1. d4 Nf6 2. Nf3 g6 3. c4 Bg7 4. Nc3 O-O 5. e4 d6 6. Be2 Bg4 7. Be3 Nbd7 8. Ng1 e5 9. Bxg4 Nxg4 10. Qxg4 exd4 11. Bxd4 Bxd4 12. Nge2 Ne5 13. Qh3 Bc5 14.
b3 a5 15. O-O f5 16. exf5 Rxf5 17. Ne4 Ba7 18. N2g3 Rf7 19. Ng5 Qxg5 20. Ne4 Qf5 0-1

[Event "*** Titled Tuesday Blitz"]
[Site "Chess.com"]
[Date "2020.10.27"]
[Round "7"]
[White "Iskusnyh"]
[Black "GoltsevDmitry2000"]
[Result "1-0"]
[WhiteElo "2567"]
[BlackElo "2686"]
[TimeControl "180+1"]
[EndTime "11:15:22 PDT"]
[Termination "Iskusnyh won by resignation"]

1. d4 d5 2. c4 c6 3. Nf3 Nf6 4. e3 Bf5 5. Nc3 e6 6. Nh4 Bg4 7. Qb3 Qb6 8. h3 Bh5 9. g4 Bg6 10. Nxg6 hxg6 11. Bg2 Bd6 12. c5 Qxb3 13. axb3 Bc7 14.
b4 e5 15. b5 Nbd7 16. b6 Bb8 17. b4 O-O 18. b5 cxb5 19. Nxd5 1-0

[Event "*** Titled Tuesday Blitz"]
[Site "Chess.com"]
[Date "2020.10.27"]
[Round "7"]
[White "m_ezat"]
[Black "Mimsychess"]
[Result "1-0"]
[WhiteElo "2507"]
[BlackElo "2334"]
[TimeControl "180+1"]
[EndTime "11:15:24 PDT"]
[Termination "m_ezat won by resignation"]

1. d4 Nf6 2. c4 e6 3. Nc3 Bb4 4. e3 O-O 5. a3 Bxc3+ 6. bxc3 c5 7. Bd3 b6 8. Ne2 Nc6 9. O-O Ne8 10. e4 d6 11. Ng3 cxd4 12. cxd4 Nxd4 13. f4 e5 14. f5 Ba6 15. f6 g6 16. Bh6 Rc8 17. Qd2 Nc7 18. Bg7 Nce6 19. Qh6 Bxc4 20. Bxc4 Rxc4 21.
Rad1 Ne2+ 22. Nxe2 1-0

[Event "*** Titled Tuesday Blitz"]
[Site "Chess.com"]
[Date "2020.10.27"]
[Round "7"]
[White "dpopadic"]
[Black "picturesquecheck"]
[Result "1-0"]
[WhiteElo "2386"]
[BlackElo "2092"]
[TimeControl "180+1"]
[EndTime "11:15:25 PDT"]
[Termination "dpopadic won by resignation"]

1. e4 c5 2. Nc3 Nc6 3. f4 g6 4. Nf3 Bg7 5. Bc4 e6 6. f5 Nge7 7. fxe6 dxe6 8. d3 O-O 9. O-O a6 10. a4 b6 11. Qe1 Bb7 12. Qh4 Nc8 13. Bg5 Qd7 14. Bf6 Nd4 15. Nxd4 cxd4 16. Ne2 Bxf6 17. Rxf6 b5 18. Bb3 Nd6 19. axb5 axb5 20. Raf1 Qe7 21.
Rxg6+ 1-0

[Event "*** Titled Tuesday Blitz"]
[Site "Chess.com"]
[Date "2020.10.27"]
[Round "7"]
[White "ChessAurochs"]
[Black "sjam6687"]
[Result "1-0"]
[WhiteElo "2557"]
[BlackElo "2682"]
[TimeControl "180+1"]
[EndTime "11:15:29 PDT"]
[Termination "ChessAurochs won by resignation"]

1. e4 e5 2. Nf3 Nc6 3. Bc4 Nf6 4. d3 Be7 5. O-O O-O 6. a4 d6 7. c3 h6 8. b4 a6 9. Bb3 Be6 10. Nbd2 d5 11. Bb2 dxe4 12. dxe4 Bxb3 13. Qxb3 Kh7 14.
Rad1 Qc8 15. Rfe1 Bd6 16. Nc4 Qe6 17. Nfd2 Rfc8 18. Nxd6 Qxd6 19. Qxf7 Rf8 20. Qb3 Nh5 21.
Nf3 Nf4 22. Rxd6 1-0

[Event "*** Titled Tuesday Blitz"]
[Site "Chess.com"]
[Date "2020.10.27"]
[Round "7"]
[White "ChelsieMonica"]
[Black "pfalcon1949"]
[Result "1-0"]
[WhiteElo "2335"]
[BlackElo "2014"]
[TimeControl "180+1"]
[EndTime "11:15:29 PDT"]
[Termination "ChelsieMonica won by resignation"]

1. e4 c6 2. d4 d5 3. e5 Bf5 4.
g4 Be4 5. f3 Bg6 6. h4 h5 7.
gxh5 Bxh5 8. Be2 e6 9. Bf4 Qb6 10. b3 c5 11. c3 Nc6 12. Be3 Nh6 13. f4 Bxe2 14. Nxe2 Nf5 15. Bf2 cxd4 16. Nxd4 Ncxd4 17. cxd4 Bb4+ 18. Kf1 Rc8 19. a3 Bc3 20. Qc2 Qc7 21. Nxc3 Qxc3 22. Qxc3 Rxc3 23. Ke2 Rxb3 24. Rhb1 Rxb1 25.
Rxb1 b6 26. a4 Kd7 27. a5 Rb8 28. h5 Kc6 29. Kd3 Rb7 30. a6 Kd7 31. axb7 1-0

[Event "*** Titled Tuesday Blitz"]
[Site "Chess.com"]
[Date "2020.10.27"]
[Round "7"]
[White "AniJak"]
[Black "gagtemp"]
[Result "1-0"]
[WhiteElo "2285"]
[BlackElo "1968"]
[TimeControl "180+1"]
[EndTime "11:15:38 PDT"]
[Termination "AniJak won by resignation"]

1. e4 d5 2. exd5 Qxd5 3. Nc3 Qd6 4. d4 Nf6 5. Nge2 a6 6. Bf4 Qd8 7.
g3 e6 8. Bg2 Bd6 9. O-O O-O 10.
Re1 Nbd7 11. Qd2 Nb6 12. b3 Nbd5 13. Bg5 Nxc3 14. Nxc3 c6 15. Qe2 h6 16. Bxf6 Qxf6 17. Ne4 Qd8 18. Nxd6 Qxd6 19. Rad1 Bd7 20. c3 Rfe8 21.
f4 Rac8 22. Qe5 Qxe5 23. dxe5 Rc7 24. Rd6 Bc8 25. Red1 g6 26. c4 Kg7 27. c5 h5 28.
Kf2 Ree7 29. Rd8 Red7 30. Rxc8 Rxd1 31. Rxc7 Rd2+ 32. Kf1 1-0

[Event "*** Titled Tuesday Blitz"]
[Site "Chess.com"]
[Date "2020.10.27"]
[Round "7"]
[White "totoro9"]
[Black "niki_2003"]
[Result "0-1"]
[WhiteElo "2227"]
[BlackElo "1905"]
[TimeControl "180+1"]
[EndTime "11:15:39 PDT"]
[Termination "niki_2003 won by resignation"]

1. e4 c5 2. Nf3 d6 3. d4 cxd4 4.
Nxd4 Nf6 5. Nc3 g6 6. Be3 Bg7 7. f3 O-O 8. Qd2 Nc6 9. g4 Be6 10. Nxe6 fxe6 11. O-O-O Ne5 12. Nb5 Nxf3 13. Qd3 Nxg4 14.
Nd4 Nxe3 15. Nxe6 Qb6 16. Nxg7 Nxd1 17. Ne6 Qxb2+ 18. Kxd1 Qb1+ 0-1

[Event "*** Titled Tuesday Blitz"]
[Site "Chess.com"]
[Date "2020.10.27"]
[Round "7"]
[White "annamaja"]
[Black "DonBroca"]
[Result "1-0"]
[WhiteElo "2285"]
[BlackElo "2137"]
[TimeControl "180+1"]
[EndTime "11:15:49 PDT"]
[Termination "annamaja won by resignation"]

1. e4 c5 2. Nf3 d6 3. d4 cxd4 4. Nxd4 Nf6 5. Nc3 g6 6. g3 Bg7 7. Bg2 O-O 8. O-O Nc6 9. Nb3 Be6 10. h3 Rc8 11. Be3 Ne5 12. Nd4 Nc4 13. Nxe6 fxe6 14. Bc1 Qa5 15. Ne2 Nd7 16. c3 Qb6 17. b3 Na5 18.
Be3 Qc7 19. Rc1 b6 20. Nd4 Nc6 21. Nxe6 Qb8 22. Nxf8 Rxf8 23. Qd5+ Kh8 24. Qxc6 Ne5 25. Qd5 e6 26. Qd1 1-0

[Event "*** Titled Tuesday Blitz"]
[Site "Chess.com"]
[Date "2020.10.27"]
[Round "7"]
[White "alexwinter25"]
[Black "Evachess2006"]
[Result "1-0"]
[WhiteElo "2334"]
[BlackElo "1646"]
[TimeControl "180+1"]
[EndTime "11:16:00 PDT"]
[Termination "alexwinter25 won by resignation"]

1. e4 e5 2. Nf3 Nc6 3. d4 exd4 4.
Bc4 Bc5 5. Ng5 Ne5 6. Nxf7 Nxf7 7. Bxf7+ Kxf7 8. Qh5+ g6 9. Qxc5 d6 10. Qxd4 Nf6 11.
O-O Be6 12. Nc3 c5 13. Qe3 Re8 14. Qg3 Nh5 15. Qf3+ Qf6 16. Qe3 Qd4 17. Qxd4 cxd4 18. Nb5 Rad8 19. Nxd4 Bc4 20. Re1 d5 21. e5 Nf4 22.
Bxf4 1-0

[Event "*** Titled Tuesday Blitz"]
[Site "Chess.com"]
[Date "2020.10.27"]
[Round "7"]
[White "gilbert_gm"]
[Black "Arfan48"]
[Result "1/2-1/2"]
[WhiteElo "2575"]
[BlackElo "2442"]
[TimeControl "180+1"]
[EndTime "11:16:03 PDT"]
[Termination "Game drawn by agreement"]

1. a3 g6 2. b4 Bg7 3. c3 d5 4. d4 Nf6 5. Bg5 Ne4 6. Bh4 O-O 7. e3 a5 8. b5 c5 9. Bd3 Nd7 10. Ne2 Nd6 11. a4 cxd4 12. cxd4 Nb6 13. Nd2 Bf5 14. Nf3 Nbc4 15. Bxf5 Nxf5 16. Bg3 Rc8 17. O-O e6 18. Qd3 1/2-1/2

[Event "*** Titled Tuesday Blitz"]
[Site "Chess.com"]
[Date "2020.10.27"]
[Round "7"]
[White "BJthechessgod"]
[Black "zverr1"]
[Result "1/2-1/2"]
[WhiteElo "2303"]
[BlackElo "2452"]
[TimeControl "180+1"]
[EndTime "11:16:14 PDT"]
[Termination "Game drawn by repetition"]

1. e4 e6 2. d4 d5 3. e5 c5 4. c3 Qb6 5. Nf3 Nc6 6. Bd3 cxd4 7. cxd4 Bd7 8. O-O Nxd4 9. Nxd4 Qxd4 10. Nc3 Qxe5 11.
Re1 Qb8 12. Nxd5 Nf6 13. Bf4 Bd6 14. Nxf6+ gxf6 15. Bxd6 Qxd6 16. Rc1 Bc6 17. Qe2 Rd8 18. Be4 Bxe4 19. Qxe4 Qd7 20. Qf3 Qe7 21. Re4 f5 22. Rec4 O-O 23. Rc7 Rd7 24. Qxb7 Rfd8 25. Rxd7 Rxd7 26.
Qc8+ Kg7 27. Qc3+ Qf6 28. Qg3+ Qg6 29. Qe5+ Qf6 30. Qg3+ Qg6 31. Qe5+ Qf6 32. Qg3+ 1/2-1/2

[Event "*** Titled Tuesday Blitz"]
[Site "Chess.com"]
[Date "2020.10.27"]
[Round "7"]
[White "tlomigtlis"]
[Black "brunomorado"]
[Result "1-0"]
[WhiteElo "2594"]
[BlackElo "2418"]
[TimeControl "180+1"]
[EndTime "11:16:18 PDT"]
[Termination "tlomigtlis won by resignation"]

1. d4 d5 2. c4 c6 3. Nf3 Nf6 4. Nc3 e6 5. Bg5 h6 6. Bh4 dxc4 7. e4 g5 8. Bg3 b5 9. Be2 Bb7 10. Qc2 Nbd7 11. Rd1 Nh5 12. d5 Nxg3 13. hxg3 Bg7 14. Kf1 a6 15. dxe6 fxe6 16. e5 Qe7 17. Qg6+ Kf8 18. Ne4 Nxe5 19. Nxe5 Bxe5 20. Rxh6 Rxh6 21.
Qxh6+ Bg7 22. Qg6 c5 23. Nxg5 Re8 24. Nh7+ Kg8 25. Rd7 1-0

[Event "*** Titled Tuesday Blitz"]
[Site "Chess.com"]
[Date "2020.10.27"]
[Round "7"]
[White "Bigfish1995"]
[Black "swimmerchess"]
[Result "1-0"]
[WhiteElo "3012"]
[BlackElo "2804"]
[TimeControl "180+1"]
[EndTime "11:16:19 PDT"]
[Termination "Bigfish1995 won by resignation"]

1. e4 c5 2. b4 cxb4 3. a3 bxa3 4. Nxa3 Nc6 5. Bb2 d5 6. exd5 Qxd5 7. Nb5 Qd8 8. Qf3 Be6 9. Qg3 Rc8 10. Bxg7 Nb4 11.
Na3 Nxc2+ 12. Nxc2 Rxc2 13. Bb5+ Bd7 14. Bd3 Rc6 15.
Bxh8 Nf6 16. Ne2 Re6 17. O-O Bc6 18. Nf4 Rd6 19. Rfe1 e6 20. Bc4 Be7 21. Rxa7 Rxd2 22. Bxf6 Bxf6 23. Ra8 1-0

[Event "*** Titled Tuesday Blitz"]
[Site "Chess.com"]
[Date "2020.10.27"]
[Round "7"]
[White "winniethepooh04"]
[Black "JoliyRoger"]
[Result "1-0"]
[WhiteElo "2225"]
[BlackElo "2372"]
[TimeControl "180+1"]
[EndTime "11:16:23 PDT"]
[Termination "winniethepooh04 won on time"]

1. e4 c6 2. Nf3 d5 3. Nc3 Nf6 4.
exd5 cxd5 5. d4 Nc6 6. h3 Bf5 7. Bb5 a6 8. Bxc6+ bxc6 9. Ne5 Qc8 10. O-O e6 11. a4 Be7 12. a5 O-O 13. Na4 Ra7 14.
Nb6 Qe8 15. Be3 Ne4 16. c4 f6 17. Ned7 Rxd7 18. Nxd7 Qxd7 19. cxd5 Qe8 20. dxc6 Qd7 21.
cxd7 1-0

[Event "*** Titled Tuesday Blitz"]
[Site "Chess.com"]
[Date "2020.10.27"]
[Round "7"]
[White "Joshukid"]
[Black "PhileKhoob"]
[Result "1-0"]
[WhiteElo "2701"]
[BlackElo "2468"]
[TimeControl "180+1"]
[EndTime "11:16:34 PDT"]
[Termination "Joshukid won by resignation"]

1. Nf3 Nf6 2. c4 d5 3. g3 g6 4. cxd5 Nxd5 5. e4 Nb6 6. d4 Bg7 7. Bg2 Bg4 8. d5 O-O 9. O-O e6 10. h3 Bxf3 11. Qxf3 exd5 12. exd5 N8d7 13. Nc3 Ne5 14. Qd1 Nbc4 15. b3 Nd6 16. Bb2 Qe7 17. Re1 Qd8 18. Qd2 Nd7 19. Nd1 Re8 20. Ne3 Bxb2 21.
Qxb2 Qf6 22. Qc2 Rac8 23. Ng4 Qg7 24. Rxe8+ Nxe8 25. Re1 f5 26. Nh2 Nd6 27. Re6 Qd4 28.
Rxd6 1-0

[Event "*** Titled Tuesday Blitz"]
[Site "Chess.com"]
[Date "2020.10.27"]
[Round "7"]
[White "alexrustemov"]
[Black "ASVZ"]
[Result "1-0"]
[WhiteElo "2673"]
[BlackElo "2464"]
[TimeControl "180+1"]
[EndTime "11:16:46 PDT"]
[Termination "alexrustemov won by resignation"]

1. d4 e6 2. Nf3 b6 3. e4 Bb7 4.
Bd3 Nf6 5. Qe2 d5 6. e5 Ne4 7. Nbd2 Nxd2 8. Bxd2 c5 9. c3 a5 10. h4 Ba6 11. h5 Bxd3 12. Qxd3 Qc8 13. h6 g6 14. Bg5 Qa6 15. Qxa6 Nxa6 16. Bf6 Rg8 17. Ng5 cxd4 18. Nxh7 Be7 19. cxd4 Nb4 20. Kd2 Nc6 21. Bxe7 Kxe7 22. Nf6 Nxd4 23. Nxg8+ Rxg8 24. Rac1 Kd7 25. h7 Rh8 26. Ke3 Nc6 27. f4 g5 28. g3 Ne7 29. fxg5 Nf5+ 30. Kf4 Nd4 31. g6 fxg6 32. Kg5 Ne2 33. Kxg6 Nxc1 34. Rxc1 1-0

[Event "*** Titled Tuesday Blitz"]
[Site "Chess.com"]
[Date "2020.10.27"]
[Round "7"]
[White "elohunter1999"]
[Black "Smile2005"]
[Result "1-0"]
[WhiteElo "2500"]
[BlackElo "2289"]
[TimeControl "180+1"]
[EndTime "11:16:48 PDT"]
[Termination "elohunter1999 won by resignation"]

1. e4 c6 2. d4 d5 3. Nd2 g6 4.
Ngf3 Bg4 5. c3 e6 6. Bd3 Bg7 7. h3 Bxf3 8. Nxf3 Ne7 9. O-O O-O 10. Bf4 Re8 11. Qd2 Nd7 12. Bh6 Rc8 13. Rfe1 c5 14. e5 cxd4 15. cxd4 Nb6 16. b3 Qd7 17. h4 Nf5 18. Bxf5 exf5 19. h5 Rc7 20. Qg5 Qe7 21.
Qf4 Rec8 22. g3 Rc2 23. Bxg7 Kxg7 24. Kg2 Rb2 25. hxg6 fxg6 26. Rac1 Rxc1 27. Rxc1 Rxa2 28. e6 Qxe6 29. Rc7+ Kg8 30. Qh6 Nd7 31. Ng5 Qe7 32. Rc8+ Nf8 33. Rxf8+ 1-0

[Event "*** Titled Tuesday Blitz"]
[Site "Chess.com"]
[Date "2020.10.27"]
[Round "7"]
[White "WiktoriaPOL"]
[Black "Nadeev_Sergey"]
[Result "1-0"]
[WhiteElo "2089"]
[BlackElo "2406"]
[TimeControl "180+1"]
[EndTime "11:16:48 PDT"]
[Termination "WiktoriaPOL won by resignation"]

1. c4 e5 2. Nc3 Nf6 3. Nf3 Nc6 4. e4 Bb4 5. d3 d6 6. a3 Bxc3+ 7. bxc3 h6 8. g3 O-O 9. Bg2 Nh7 10. O-O f5 11. exf5 Bxf5 12. Nh4 Be6 13. f4 Rb8 14. f5 Bf7 15. Qg4 Qf6 16. Ng6 Rfe8 17. Bd5 Bxd5 18. cxd5 Ne7 19. Bxh6 Nxd5 20. Qc4 c6 21.
Bd2 Nf8 22. Qg4 Nh7 23. h4 Ne7 24. Bg5 Nxg5 25. hxg5 Qf7 26. Qh5 1-0

[Event "*** Titled Tuesday Blitz"]
[Site "Chess.com"]
[Date "2020.10.27"]
[Round "7"]
[White "Yashasd1995"]
[Black "XDPS"]
[Result "0-1"]
[WhiteElo "2550"]
[BlackElo "2744"]
[TimeControl "180+1"]
[EndTime "11:16:53 PDT"]
[Termination "XDPS won by checkmate"]

1. b3 d5 2. Bb2 Bf5 3. e3 e6 4. f4 Nf6 5. Nf3 h6 6. Be2 c5 7. O-O Nc6 8. Ne5 Nxe5 9. fxe5 Nd7 10. c4 dxc4 11. bxc4 Qc7 12. d4 Be7 13. Nc3 O-O 14.
Nd5 exd5 15. Rxf5 cxd4 16. Qxd4 Bc5 17. Qxd5 Bxe3+ 18. Kh1 Nc5 19. Raf1 Rad8 20. Qf3 Bd4 21. Bc1 Bxe5 22. Bxh6 gxh6 23. Qh5 f6 24. Qxh6 Qh7 25. Qe3 Qxh2# 0-1

[Event "*** Titled Tuesday Blitz"]
[Site "Chess.com"]
[Date "2020.10.27"]
[Round "7"]
[White "GjakanTati"]
[Black "Infernal_XaM"]
[Result "0-1"]
[WhiteElo "2610"]
[BlackElo "2845"]
[TimeControl "180+1"]
[EndTime "11:16:57 PDT"]
[Termination "Infernal_XaM won by resignation"]

1. d4 Nf6 2. c4 c5 3. d5 e5 4. Nc3 h5 5. Nf3 d6 6. Bg5 Nbd7 7. e4 a6 8. Be2 Be7 9. O-O Ng8 10. h4 Bxg5 11. Nxg5 Ngf6 12. a4 Qe7 13. Qc2 Nh7 14. Qd2 Nxg5 15. hxg5 h4 16. Bg4 Nf8 17. Bxc8 Rxc8 18. Rfb1 Ng6 19. b4 Nf4 20. Ne2 Nxe2+ 21.
Qxe2 Qxg5 22. bxc5 Rxc5 23. Rxb7 O-O 24. Rb6 Rfc8 25.
Rxd6 Rxc4 26. Rf1 Rc2 27. Qxa6 h3 28. g3 R8c3 29. Qa8+ Kh7 30. Qd8 Rxg3+ 31. Kh1 Rxf2 0-1

[Event "*** Titled Tuesday Blitz"]
[Site "Chess.com"]
[Date "2020.10.27"]
[Round "7"]
[White "emiliochess"]
[Black "wonderfultime"]
[Result "0-1"]
[WhiteElo "2348"]
[BlackElo "2920"]
[TimeControl "180+1"]
[EndTime "11:16:59 PDT"]
[Termination "wonderfultime won by resignation"]

1. d4 d5 2. Bf4 Nf6 3. e3 e6 4. Bd3 Bd6 5. Bg3 c5 6. c3 O-O 7. Nd2 Qc7 8. Ngf3 Nbd7 9. Qe2 e5 10. e4 dxe4 11. Nxe4 Nxe4 12. Bxe4 exd4 13. Bxd6 Qxd6 14. cxd4 Nf6 15. O-O-O Re8 16. Nd2 Qxd4 17. f3 Be6 18. Kb1 Qa4 19. a3 Nxe4 20. fxe4 b5 21. Qe3 b4 22. Rc1 Rab8 23. Ka1 Red8 24. Nb1 c4 25. Rhd1 Rxd1 26. Rxd1 Qxd1 0-1

[Event "*** Titled Tuesday Blitz"]
[Site "Chess.com"]
[Date "2020.10.27"]
[Round "7"]
[White "queen_iryna"]
[Black "parintele_chess"]
[Result "1-0"]
[WhiteElo "2295"]
[BlackElo "2143"]
[TimeControl "180+1"]
[EndTime "11:17:02 PDT"]
[Termination "queen_iryna won by resignation"]

1. e4 d6 2. d4 Nf6 3. Nc3 g6 4. Be3 Bg7 5. h3 c6 6. Qd2 b5 7. Bd3 Qa5 8. Nf3 Nbd7 9. O-O a6 10. Bh6 O-O 11. Bxg7 Kxg7 12. e5 Nd5 13. Rfe1 Nxc3 14. bxc3 Nb6 15. Qg5 f6 16. exf6+ exf6 17. Re7+ Rf7 18. Rxf7+ Kxf7 19. Qh6 Qxc3 20. Qxh7+ Ke6 21. Re1+ Kd5 22. Qf7+ 1-0

[Event "*** Titled Tuesday Blitz"]
[Site "Chess.com"]
[Date "2020.10.27"]
[Round "7"]
[White "PauloCesarCosta_sad"]
[Black "Mikasinski"]
[Result "1-0"]
[WhiteElo "2321"]
[BlackElo "2483"]
[TimeControl "180+1"]
[EndTime "11:17:03 PDT"]
[Termination "PauloCesarCosta_sad won by resignation"]

1. Nf3 Nf6 2. c4 g6 3. d4 Bg7 4. Nc3 d6 5. Bg5 O-O 6. e3 c5 7. Be2 h6 8. Bxf6 Bxf6 9. O-O cxd4 10. exd4 Bg7 11. Re1 Nc6 12. Qd2 e5 13. Rad1 exd4 14. Nb5 Re8 15. Nbxd4 Ne5 16. Nb5 Nxf3+ 17. Bxf3 Rxe1+ 18. Rxe1 a6 19. Nxd6 Bf8 20. Re8 Qd7 21. c5 Kg7 22.
Qd4+ f6 23. Rxf8 Kxf8 24. Qxf6+ Kg8 25. Qxg6+ Qg7 26. Bd5+ Kh8 27. Qe8+ Kh7 28. Be4+ 1-0

[Event "*** Titled Tuesday Blitz"]
[Site "Chess.com"]
[Date "2020.10.27"]
[Round "7"]
[White "TengisChess"]
[Black "avantage_ru"]
[Result "1-0"]
[WhiteElo "2618"]
[BlackElo "2803"]
[TimeControl "180+1"]
[EndTime "11:17:06 PDT"]
[Termination "TengisChess won by resignation"]

1. d4 b5 2. e4 a6 3. Bd3 Bb7 4. c3 e6 5. Nf3 c5 6. O-O Nf6 7. e5 Nd5 8. a4 c4 9. Bc2 Nc6 10.
Ng5 Be7 11. Qh5 g6 12. Qh6 Bf8 13. Qh3 Bg7 14. Nd2 Nf4 15. Qh4 Nxg2 16. Qg4 Nxd4 17. cxd4 h5 18. Qg3 h4 19. Qg4 h3 20. Nde4 Rh4 21. Nd6+ Kf8 22. Qg3 Bd5 23. Ngxf7 Qa5 24. Qxg6 b4 25. Nh6 1-0

[Event "*** Titled Tuesday Blitz"]
[Site "Chess.com"]
[Date "2020.10.27"]
[Round "7"]
[White "ShcufNaiRolf"]
[Black "RaneshRatnesan"]
[Result "1-0"]
[WhiteElo "2329"]
[BlackElo "2158"]
[TimeControl "180+1"]
[EndTime "11:17:07 PDT"]
[Termination "ShcufNaiRolf won by resignation"]

1. e4 c5 2. Nf3 d6 3. d4 cxd4 4. Nxd4 Nf6 5. Nc3 a6 6. h4 e5 7. Nb3 Be6 8. f4 Be7 9. f5 Bc8 10. Bg5 Nbd7 11. a4 b6 12. Bd3 Bb7 13. Qe2 h6 14. Bd2 Nc5 15. Nxc5 dxc5 16. g4 Nd7 17. O-O-O Bxh4 18. Nd5 Bxd5 19. exd5 Bg5 20. Bxa6 Bxd2+ 21. Rxd2 f6 22. Bb5 Kf7 23. Qh2 Nf8 24. Qh5+ Ke7 25. d6+ Qxd6 26. Rxd6 Kxd6 27. Rd1+ 1-0